 Dungeon Crawl Stone Soup version 0.30.0-17-ge0270778cf (webtiles) character file.

Game seed: 2646488376583973265

18929 LobsterGuardian the Nimble (level 12, -6/97 HPs)
             Began as an Octopode Transmuter on May 20, 2023.
             Was an Initiate of Gozag.
             Mangled by a skeletal warrior
             ... wielding a +0 short sword
              (21 damage)
             ... on level 12 of the Dungeon on May 21, 2023.
             The game lasted 01:10:26 (13494 turns).

LobsterGuardian the Nimble (Octopode Transmuter)   Turns: 13494, Time: 01:10:27

Health: -6/97      AC:  6    Str: 10    XL:     12   Next: 63%
Magic:  19/20      EV: 21    Int: 15    God:    Gozag
Gold:   2912       SH:  0    Dex: 17    Spells: 5/22 levels left

rFire   x . .        k - melded +3 dagger (freeze)
rCold   + + +        (shield currently unavailable)
rNeg    + . .        (helmet currently unavailable)
rPois   +            t - amulet of magic regeneration
rElec   .            b - ring of wizardry
rCorr   .            h - ring of willpower
SInv    .            n - +5 ring of evasion
Will    +++..        j - ring of wizardry
Stlth   +++          u - ring of willpower
HPRegen 0.36/turn    K - ring of poison resistance
MPRegen 0.57/turn    G - ring of positive energy
                     w - ring of willpower

%: wizardry (x2)
@: about to teleport, ice-form
A: freezing attack, boosted hp, almost no armour, amphibious, 8 rings, large,
(camouflage 1), (gelatinous body 1), (nimble swimmer 1), (tentacles)
a: End Transformation, Renounce Religion, Potion Petition, Call Merchant, Bribe
Branch


You were on level 12 of the Dungeon.
You worshipped Gozag.
Gozag was most pleased with you.
You were a creature of crystalline ice.
You visited 2 branches of the dungeon, and saw 13 of its levels.
You also visited: Ossuary.

You collected 2959 gold pieces.
You paid 47 gold pieces to Gozag.

Inventory:

Hand Weapons
 k - a +3 dagger of freezing (melded)
Missiles
 I - 3 throwing nets
Jewellery
 b - a ring of wizardry (left front paw)
 h - a ring of willpower (right front paw)
 j - a ring of wizardry (on tentacle)
 n - a +5 ring of evasion (on tentacle)
 t - an amulet of magic regeneration (around neck)
 u - a ring of willpower (on tentacle)
 w - a ring of willpower (on tentacle)
 G - a ring of positive energy (on tentacle)
 J - a ring of magical power
 K - a ring of poison resistance (on tentacle)
 L - a ring of magical power
Wands
 o - a wand of polymorph (2)
 r - a wand of iceblast (23)
 H - a wand of quicksilver (14)
Scrolls
 c - 9 scrolls of poison
 e - 3 scrolls of immolation {unknown}
 g - 4 scrolls of teleportation
 l - 2 scrolls of fog {unknown}
 q - 2 scrolls of vulnerability {unknown}
 s - 2 scrolls of silence
 v - a scroll of magic mapping
 y - a scroll of enchant armour
 C - 2 scrolls of blinking {unknown}
 D - 3 scrolls of enchant weapon
 E - a scroll of identify
Potions
 a - 2 potions of lignification
 d - a potion of berserk rage
 f - 6 potions of curing
 i - 2 potions of resistance
 m - 3 potions of might
 p - 5 potions of brilliance
 x - a potion of magic {unknown}
 z - 4 potions of attraction
 A - 2 potions of ambrosia
 B - 2 potions of heal wounds
 F - a potion of invisibility


   Skills:
 + Level 7.2 Fighting
 + Level 9.0 Short Blades
 + Level 11.5 Dodging
 - Level 5.0 Stealth
 + Level 11.0 Unarmed Combat
 + Level 5.5 Spellcasting
 - Level 3.0 Transmutations
 + Level 1.0 Fire Magic
 - Level 1.0 Ice Magic
 - Level 1.0 Poison Magic
 - Level 1.0 Evocations


You had 5 spell levels left.
You knew the following spells:

 Your Spells              Type           Power      Damage    Failure   Level
a - Beastly Appendage     Tmut           26%        N/A       1%          1
b - Wereblood             Tmut           13%        N/A       1%          2
c - Spider Form           Tmut/Pois      10%        N/A       5%          3
d - Ice Form              Ice/Tmut       10%        N/A       17%         4
e - Ignite Poison         Fire/Tmut/Pois 9%         N/A       7%          3
f - Sticky Flame          Conj/Fire      5%         2d3       30%         4

Your spell library contained the following spells:

 Spells                   Type           Power      Damage    Failure   Level
 Necrotise                Necr           16%        1d4       4%          1
 Scorch                   Fire           14%        2d6       4%          2
 Sublimation of Blood     Necr           4%         N/A       7%          2
 Ozocubu's Armour         Ice            7%         N/A       9%          3
 Volatile Blastmotes      Fire/Tloc      10%        2d10      11%         3
 Dazzling Flash           Conj/Hex       8%         N/A       13%         3
 Vampiric Draining        Necr           4%         2d6       13%         3
 Flame Wave               Conj/Fire      5%         2d5       30%         4
 Iskenderun's Mystic Bla  Conj/Tloc      4%         2d3       36%         4
 Agony                    Necr           4%         N/A       69%         5
 Starburst                Conj/Fire      2%         6d3       98%         6
 Summon Cactus Giant      Summ           2%         N/A       99%         6
 Ozocubu's Refrigeration  Ice            3%         4d8       100%        7
 Summon Hydra             Summ           2%         N/A       100%        7
 Ignition                 Fire           3%         3d4       100%        8


Dungeon Overview and Level Annotations

Branches:
Dungeon (12/15)            Temple (1/1) D:4            Lair (0/5) D:10
    Orc (0/2) D:9         Ossuary (visited)

Altars:
Ashenzari
Cheibriados
Dithmenos
Elyvilon
Fedhas
Gozag
Hepliaklqana
Kikubaaqudgha
Makhleb
Nemelex Xobeh
Okawaru
Qazlal
Ru
Sif Muna
Trog
Uskayaw
Vehumet
Wu Jian
Xom
Yredelemnul
Zin
The Shining One

Annotations:
D:2 1 runed translucent door, Crazy Yiuf


Innate Abilities, Weirdness & Mutations

You are a creature of crystalline ice.
You have a powerful freezing melee attack.
Your maximum health is increased.
Your armour is entirely melded.
You are incapable of wielding weapons or throwing items.
You cannot wear most types of armour.
You are amphibious.
You can wear up to eight rings at the same time.
((Your skin changes colour to match your surroundings (Stealth+).))
((Your rubbery body absorbs attacks. (AC +1, EV +1)))
((You are camouflaged when in or above water. (Stealth+)))
((You have tentacles for arms and can constrict up to eight enemies at once.))


Message History

You start resting.
HP restored.
Found 8 gold pieces.
Casting: Ice Form (dangerous; 17% risk of failure)
Confirm with . or Enter, or press ? or * to list all spells.
You turn into a creature of crystalline ice.
Your +3 dagger of freezing melds into your body.
Your +3 dagger of freezing stops glowing.
The vampire casts a spell at you. You resist with almost no effort.
The vampire casts a spell at you. You resist with almost no effort.
A sourceless malevolence fills the Dungeon... and a teleportation trap spontaneously manifests!
You are yanked towards some nearby monsters!
Your surroundings suddenly seem different. 5 skeletal warriors come into view.
Found 24 gold pieces.
Found a stone staircase leading down.
The skeletal warrior hits you with a +0 short sword!
Unknown command.
As you read the scroll of teleportation, it crumbles to dust.
You feel strangely unstable.
The skeletal warrior closely misses you.
The skeletal warrior hits you with a +0 war axe!!
The skeletal warrior hits you with a +0 short sword!!
Unknown command.
Unknown command.
Okay, then.
Okay, then.
The skeletal warrior attacks as you move away!
The skeletal warrior hits you with a +0 short sword!
* * * LOW HITPOINT WARNING * * *
The skeletal warrior attacks as you move away!
The skeletal warrior hits you with a +0 long sword!
* * * LOW HITPOINT WARNING * * *
A troll and an orc come into view.
The orc is wielding a +0 club and wearing a +0 chain mail of cold resistance.
The skeletal warrior attacks as you move away!
The skeletal warrior hits you with a +0 short sword!!
You die...
Your body crumbles into a pile of gold.

..........###...
.................
$................
#...............o
#..............T
#..............
#.....z.......
##.z..z.......
##..zY.......
##.z......##
##.......#
##......#
##....... #......
#..... #....


You could see 5 skeletal warriors, a troll (asleep) and an orc (asleep).

Vanquished Creatures
  An ettin (D:10)
  A two-headed ogre (D:10)
  2 centaur warriors
  5 death yaks (D:10)
  An orc knight (D:10)
  A deep elf pyromancer (D:9)
  An ugly thing (D:11)
  A manticore (D:12)
  Joseph (D:8)
  Maurice (D:8)
  3 gargoyles
  Psyche (D:9)
  A kobold demonologist (D:11)
  A meliai (D:10)
  A troll (D:9)
  2 hornets
  Sigmund (D:6)
  2 vampires
  A shadow (D:11)
  A wyvern (D:10)
  13 yaks
  3 wraiths
  4 steam dragons
  A human (D:11)
  4 hogs (D:11)
  An unseen horror simulacrum (D:10)
  Edmund (D:5)
  2 vampire mosquitoes (D:10)
  An acid dragon (D:12)
  A water moccasin (D:6)
  4 orc warriors
  2 ogres
  A boggart (D:10)
  4 centaurs
  3 kobold brigands
  2 phantoms
  2 elf zombies (Ossuary)
  5 bullfrogs
  4 gnoll sergeants
  5 scorpions
  Blork the orc (D:6)
  A wight (D:9)
  7 killer bees
  2 howler monkeys (D:8)
  2 jellies
  7 orc priests
  3 hounds
  2 gnoll boudas
  Jessica (D:2)
  3 sleepcaps
  An iguana (D:5)
  10 orc wizards
  A statue (D:4)
  3 mummies
  31 gnolls
  3 adders
  4 shadow imps
  2 white imps
  An ufetubus (D:6)
  An adder zombie (Ossuary)
  A worm (D:3)
  A dart slug (D:4)
  30 orcs
  7 endoplasms
  3 giant cockroaches
  4 goblins
  4 hobgoblins
  3 jackals (D:2)
  8 quokkas
  8 ball pythons
  15 bats
  8 frilled lizards
  2 goblin zombies (Ossuary)
  9 hobgoblin zombies (Ossuary)
  2 jackal zombies (Ossuary)
  24 kobolds
  14 kobold zombies
  6 orc zombies
  12 rats
  3 rat zombies (Ossuary)
342 creatures vanquished.

Vanquished Creatures (others)
  An orc (D:6)
1 creature vanquished.

Grand Total: 343 creatures vanquished

Notes
Turn   | Place    | Note
-------+----------+-------------------------------------------
     0 | D:1      | LobsterGuardian the Octopode Transmuter began the quest for
                  | the Orb.
     0 | D:1      | Reached XP level 1. HP: 13/13 MP: 3/3
    96 | D:1      | Reached XP level 2. HP: 16/18 MP: 3/5
   101 | D:1      | Reached skill level 1 in Stealth
   139 | D:1      | Learned a level 2 spell: Wereblood
   296 | D:1      | Found a faded altar of an unknown god.
   403 | D:1      | Reached XP level 3. HP: 22/23 MP: 4/6
   407 | D:1      | Learned a level 3 spell: Spider Form
   734 | D:2      | Noticed Jessica
   741 | D:2      | Killed Jessica
   742 | D:2      | Reached XP level 4. HP: 24/28 MP: 5/7
   825 | D:2      | You fall into a shaft and drop 2 floors!
   891 | D:4      | Found a staircase to the Ecumenical Temple.
   926 | Temple   | Entered the Ecumenical Temple
   967 | Temple   | Became a worshipper of Gozag Ym Sagoz the Greedy
  1323 | D:2      | Reached XP level 5. HP: 21/33 MP: 5/8
  1333 | D:2      | Reached skill level 1 in Short Blades
  1973 | D:2      | Found a runed translucent door.
  1974 | D:2      | Noticed Crazy Yiuf
  2171 | D:3      | Found a bloodstained altar of Trog.
  2419 | D:3      | Reached skill level 5 in Stealth
  2433 | D:3      | Reached XP level 6. HP: 30/38 MP: 3/9
  2955 | D:4      | Identified the +3 scale mail of Elyvilon's Hope {Rampage
                  | rF+ Int-2 Stlth+}
  3395 | D:4      | Found a radiant altar of Vehumet.
  3406 | D:4      | Reached XP level 7. HP: 45/45 MP: 11/11
  3457 | D:5      | Entered Level 5 of the Dungeon
  3900 | D:5      | Noticed Edmund
  3919 | D:5      | HP: 2/45 [Edmund/+3 dire flail of protection (12)]
  3927 | D:5      | Killed Edmund
  3928 | D:5      | Reached skill level 1 in Poison Magic
  3933 | D:5      | Learned a level 4 spell: Ice Form
  4325 | D:5      | Reached XP level 8. HP: 52/52 MP: 12/12
  4393 | D:5      | Reached skill level 5 in Unarmed Combat
  4664 | D:6      | Noticed Sigmund
  4670 | D:6      | Learned a level 3 spell: Ignite Poison
  4677 | D:6      | Killed Sigmund
  4678 | D:6      | Reached skill level 5 in Short Blades
  5088 | D:6      | Noticed Blork the orc
  5093 | D:6      | Killed Blork the orc
  5094 | D:6      | Reached XP level 9. HP: 59/59 MP: 10/13
  5435 | D:6      | Found a glowing golden altar of the Shining One.
  5893 | D:7      | Reached skill level 5 in Fighting
  6017 | D:7      | Reached skill level 1 in Ice Magic
  6399 | D:7      | Reached skill level 5 in Dodging
  6435 | D:7      | Found a sand-covered staircase.
  6442 | Ossuary  | Entered an ossuary
  7730 | D:8      | Noticed Maurice
  7732 | D:8      | Killed Maurice
  7733 | D:8      | Reached XP level 10. HP: 64/66 MP: 12/14
  7790 | D:8      | Noticed Joseph
  7801 | D:8      | Killed Joseph
  7802 | D:8      | Reached skill level 10 in Unarmed Combat
  7802 | D:8      | Reached skill level 1 in Fire Magic
  8182 | D:8      | Found an iron altar of Okawaru.
  9060 | D:9      | Found a shadowy altar of Dithmenos.
  9745 | D:9      | Found a staircase to the Orcish Mines.
  9925 | D:9      | Noticed a deep elf pyromancer
  9926 | D:9      | Killed a deep elf pyromancer
  9932 | D:9      | Found a shimmering altar of Xom.
  9943 | D:9      | Reached XP level 11. HP: 57/72 MP: 15/15
 10268 | D:10     | Entered Level 10 of the Dungeon
 10418 | D:10     | Found a burning altar of Makhleb.
 10424 | D:10     | Found a white marble altar of Elyvilon.
 10433 | D:10     | Found a staircase to the Lair.
 10434 | D:10     | Noticed a death yak
 10446 | D:10     | Killed a death yak
 10447 | D:10     | Noticed a death yak
 10447 | D:10     | Noticed a death yak
 10670 | D:9      | Noticed Psyche
 10676 | D:9      | Killed Psyche
 11050 | D:10     | Noticed a two-headed ogre
 11054 | D:10     | Killed a two-headed ogre
 11079 | D:10     | Noticed a centaur warrior
 11083 | D:10     | Killed a centaur warrior
 11372 | D:10     | Identified the +0 scale mail "Heam" {rF+}
 11395 | D:10     | Noticed an ettin
 11403 | D:10     | Killed an ettin
 11501 | D:10     | Noticed an orc knight
 11518 | D:10     | Killed an orc knight
 11861 | D:10     | Noticed a death yak
 11866 | D:10     | Noticed a death yak
 11872 | D:10     | Killed a death yak
 11876 | D:10     | Killed a death yak
 11877 | D:10     | Reached XP level 12. HP: 72/80 MP: 18/18
 11881 | D:10     | Killed a death yak
 11882 | D:10     | Reached skill level 10 in Dodging
 11885 | D:10     | Killed a death yak
 11886 | D:10     | Reached skill level 1 in Evocations
 12502 | D:11     | Reached skill level 5 in Spellcasting
 12685 | D:11     | Noticed a centaur warrior
 12689 | D:11     | Killed a centaur warrior
 13345 | D:11     | Upgraded the game from 0.30.0-16-gbe6223bb7e to
                  | 0.30.0-17-ge0270778cf
 13410 | D:11     | Learned a level 4 spell: Sticky Flame
 13494 | D:12     | Mangled by a skeletal warrior

Illustrated notes

Levels and vault maps discovered:
D:1:      lightli_arrival_maybe_door_vault, layout_basic,
          ebering_ecumenical_altar_hall, minmay_tromino_v7
D:2:      minmay_angry_zag, layout_loops_ring, uniq_jessica,
          uniq_crazy_yiuf_cottage
D:3:      layout_loops_ring, bloody_trog
D:4:      layout_rooms, vehumet_statue, minmay_temple_entry_stoned_glass
D:5:      layout_loops_cross, uniq_edmund
D:6:      layout_cave_pods, nicolae_tso_swordbearing_angel, uniq_sigmund,
          uniq_blork_the_orc
D:7:      layout_gridville, nicolae_ossuary_entry_giza,
          nicolae_elevator_lobby_asterisk
D:8:      layout_loops_ring, mainiacjoe_overflow_24_doors,
          grunt_decor_mini_mirrors, uniq_maurice, uniq_joseph
D:9:      layout_stronghold, nicolae_dithmenos_shadow_blocks, tgw_xom,
          orc_0_dummy, uniq_psyche
D:10:     minmay_the_grid_plus_closed [minmay_the_grid_holed_spiral,
          minmay_the_grid_eight, minmay_the_grid_outer_diamond,
          minmay_the_grid_paths, minmay_the_grid_prize_shrinking_boxes],
          layout_loops_ring, mainiacjoe_overflow_big_doors, dpeg_lair_monsters,
          serial_glass, glass_columns_b, glass_columns_c, due_unseen_surprise,
          minmay_strange_pillars, feat_on_display, dreamdust_gnoll_shepherd
D:11:     layout_roguey, dk_vineyard_2, grunt_livestock
D:12:     layout_big_octagon, corner_web_ring
Temple:   nicolae_temple_ecumenical_triangle

Skill      XL: |  1  2  3  4  5  6  7  8  9 10 11 12 |
---------------+-------------------------------------+-----
Stealth        | 1 2 4 5 |  5.0
Short Blades   | 1 2 4 5 6 8 9 |  9.0
Unarmed Combat | 4 5 9 11 | 11.0
Transmutations | 3 |  3.0
Spellcasting   | 3 4 5 |  5.5
Fighting       | 2 3 4 5 6 7 |  7.2
Poison Magic   | 1 |  1.0
Dodging        | 3 4 5 6 9 11 | 11.5
Ice Magic      | 1 |  1.0
Fire Magic     | 1 |  1.0
Evocations     | 1 |  1.0

Action                     |  1- 3 |  4- 6 |  7- 9 | 10-12 || total
---------------------------+-------+-------+-------+-------++-------
  Melee: Unarmed           |    30 |    20 |   155 |   299 ||   504
         Kick              |    16 |    18 |    20 |     2 ||    56
         Constrict         |    13 |    28 |    21 |     3 ||    65
         Tentacles         |     6 |    20 |    23 |     4 ||    53
         Short sword       |    34 |     1 |       |       ||    35
         Dagger            |       |   101 |   103 |    37 ||   241
         Punch             |       |     2 |     4 |     3 ||     9
   Cast: Beastly Appendage |    14 |    28 |    12 |     3 ||    57
         Wereblood         |     2 |     1 |     4 |    10 ||    17
         Spider Form       |       |     2 |     7 |    18 ||    27
         Ice Form          |       |       |    12 |    26 ||    38
         Ignite Poison     |       |       |     5 |     8 ||    13
  Evoke: Wand              |       |       |       |     1 ||     1
    Use: Scroll            |     1 |     3 |     9 |     6 ||    19
         Potion            |       |     1 |     1 |     4 ||     6
   Stab: Sleeping          |     8 |    21 |    11 |    16 ||    56
         Distracted        |       |       |     4 |     4 ||     8
 Armour: Skin              |     3 |     7 |    22 |    27 ||    59
  Dodge: Dodged            |    42 |    68 |   208 |   305 ||   623
